 Dungeon Crawl Stone Soup version 0.23-a0-241-g3b46b07 (webtiles) character file.

1106 galech the Covered (level 8, -4/61 HPs)
             Began as a Demonspawn Fighter on Sept 27, 2018.
             Was a Follower of Okawaru.
             Slain by Eustachio
             ... wielding a +0 falchion
              (7 damage)
             ... on level 5 of the Dungeon.
             The game lasted 00:06:57 (5126 turns).

galech the Covered (Demonspawn Fighter)             Turns: 5126, Time: 00:06:58

Health: -4/61      AC: -8    Str: 16    XL:     8   Next: 11%
Magic:  8/8        EV: 11    Int:  7    God:    Okawaru [*.....]
Gold:   248        SH:  9    Dex: 16    Spells: 7/7 levels left

rFire    . . .     SeeInvis .   x - +2 dagger (speed)
rCold    . . .     Gourm    .   c - +0 shield
rNeg     . . .     Faith    .   b - +0 scale mail
rPois    .         Spirit   .   (helmet unavailable)
rElec    .         Reflect  .   (no cloak)
rCorr    .         Harm     .   (no gloves)
MR       .....                  (no boots)
Stlth    ++........             l - amulet of the acrobat
HPRegen  0.20/turn              y - -2 ring of intelligence (curse)
MPRegen  0.11/turn              i - +2 ring of evasion

@: corroded
A: horns 3, demonic guardian 1, nightstalker 1
a: Heroism, Renounce Religion


You were on level 5 of the Dungeon.
You worshipped Okawaru.
Okawaru was aware of your devotion.
You were not hungry.

You visited 2 branches of the dungeon, and saw 7 of its levels.

You collected 248 gold pieces.

Inventory:

Hand Weapons
 s - the +2 spear "Foucon" {flame, Dex+7}
   (You found it on level 4 of the Dungeon)

   It has been specially enchanted to burn those struck by it, causing extra
   injury to most foes and up to half again as much damage against particularly
   susceptible opponents.
   It affects your dexterity (+7).
 x - a +2 dagger of speed (weapon)
Armour
 b - a +0 scale mail (worn)
 c - a +0 shield (worn)
Jewellery
 i - a +2 ring of evasion (right hand)
 l - an amulet of the acrobat (around neck)
 p - an uncursed ring of flight
 y - a cursed -2 ring of intelligence (left hand)
Wands
 a - a wand of flame (26)
Scrolls
 e - a scroll of identify
 g - a scroll of random uselessness
 j - a scroll of teleportation {unknown}
 m - 2 scrolls of remove curse
 n - 2 scrolls of fog {unknown}
Potions
 d - a potion of might
 h - 4 potions of flight {unknown}
 k - 3 potions of heal wounds {unknown}
 o - 2 potions of curing {unknown}
 q - a potion of mutation {unknown}
 r - a potion of invisibility {unknown}
 t - 2 potions of haste {unknown}
 u - a potion of brilliance {unknown}
 v - 2 potions of berserk rage {unknown}
 z - 2 potions of ambrosia {unknown}
Comestibles
 f - 9 rations
 w - 2 chunks of flesh


   Skills:
 + Level 4.5 Fighting
 + Level 3.5 Short Blades
   Level 2.3(2.9) Axes
 + Level 2.3(2.8) Polearms
 + Level 4.8 Armour
 + Level 2.7 Dodging
 + Level 1.7 Stealth
 + Level 4.4 Shields


You had 7 spell levels left.
You didn't know any spells.
Your spell library was empty.

Dungeon Overview and Level Annotations

Branches:
Dungeon (6/15)             Temple (1/1) D:4

Altars:
Ashenzari
Cheibriados
Elyvilon
Fedhas
Gozag
Hepliaklqana
Kikubaaqudgha
Makhleb
Nemelex Xobeh
Okawaru
Ru
Sif Muna
Trog
Wu Jian
Xom
Yredelemnul
Zin
The Shining One

Annotations:
D:4 1 runed door, namelastname112's ghost, novice DrWn
D:5 Eustachio


Innate Abilities, Weirdness & Mutations

You have a pair of large horns on your head.
A weak demonic guardian rushes to your aid.
You are slightly more attuned to the shadows.


Message History

You hit Eustachio.
Eustachio is heavily wounded.
Eustachio screams, "At last I'll have my revenge!"
Eustachio gestures wildly while chanting.
Eustachio blinks!
Eustachio hits you with a falchion!
* * * LOW HITPOINT WARNING * * *
You hit Eustachio but do no damage.
Eustachio is moderately wounded.
You hit Eustachio but do no damage.
Eustachio is moderately wounded.
Eustachio hits you with a falchion.
* * * LOW HITPOINT WARNING * * *
You hit Eustachio but do no damage.
Eustachio is moderately wounded.
Unknown command.
You completely miss Eustachio. You headbutt Eustachio!
Eustachio is severely wounded.
Eustachio hits you with a falchion!
You die...

##.## #.....# #.### ##.# #.....#
#.(.# #>.# ###.....### ###.# #.##
#.........# #[# #.####.........#
#.# #..............# #.#
#(.###.........### #.#
#.)###...........###.#######
##..##.......@..#.#.........#
##8.(8#..[....@........###.#.#
#..>.(...........#.#.#.###.#.##
#......)...........#.#.........
####8..8####.#.##.####.#..##.#.##
...##.(## #....#.# #.#..##.#.#
.......# #....>.# #.........#
.##.##.# ##...### ####.######
.......# #...# #..######


You could see Eustachio.

Vanquished Creatures
  An ogre (D:4)
  A phantom (D:4)
  A centaur (D:5)
  A bullfrog (D:6)
  A water moccasin skeleton (D:6)
  A centaur zombie (D:5)
  A jelly (D:6)
  5 hounds
  An orc priest (D:4)
  A bullfrog skeleton (D:3)
  An iguana (D:4)
  3 worker ants
  5 orc wizards
  12 adders
  An adder skeleton (D:4)
  A worm (D:2)
  2 dart slugs (D:3)
  5 leopard geckos
  15 orcs
  5 bats
  6 giant cockroaches
  8 hobgoblins
  5 jackals
  6 quokkas
  A ball python (D:3)
  7 frilled lizards
  7 goblins
  6 kobolds
  12 rats
122 creatures vanquished.

Vanquished Creatures (collateral kills)
  A crimson imp (D:5)
  An orc priest (D:3)
  An adder (D:6)
  A worm (D:6)
  2 leopard geckos (D:4)
  An orc (D:4)
  2 jackals (D:6)
9 creatures vanquished.

Grand Total: 131 creatures vanquished

Notes
Turn   | Place    | Note
-------+----------+-------------------------------------------
     0 | D:1      | galech the Demonspawn Fighter began the quest for the Orb.
     0 | D:1      | Reached XP level 1. HP: 18/18 MP: 1/1
   120 | D:1      | Gained mutation: You are slightly more attuned to the
                  | shadows. [demonic ancestry]
   120 | D:1      | Reached XP level 2. HP: 21/24 MP: 2/2
   799 | D:2      | Gained mutation: You have a pair of small horns on your
                  | head. [demonic ancestry]
   799 | D:2      | Reached XP level 3. HP: 11/29 MP: 3/3
  1470 | D:2      | Found a deep blue altar of Sif Muna.
  1502 | D:3      | Reached skill level 1 in Short Blades
  1502 | D:3      | Gained mutation: You have a pair of horns on your head.
                  | [demonic ancestry]
  1502 | D:3      | Reached XP level 4. HP: 27/35 MP: 4/4
  1525 | D:3      | Reached skill level 1 in Dodging
  1542 | D:3      | Found a burning altar of Makhleb.
  1842 | D:3      | Gained mutation: A weak demonic guardian rushes to your
                  | aid. [demonic ancestry]
  1842 | D:3      | Reached XP level 5. HP: 10/41 MP: 5/5
  2474 | D:3      | Reached XP level 6. HP: 36/47 MP: 6/6
  3160 | D:4      | Got a transparent spear
  3161 | D:4      | Identified the cursed +2 spear "Foucon" {flame, Dex+7} (You
                  | found it on level 4 of the Dungeon)
  3335 | D:4      | Noticed namelastname112's ghost (novice DrWn)
  3337 | D:4      | Found a runed door.
  3557 | D:4      | Found a staircase to the Ecumenical Temple.
  3563 | D:4      | Reached XP level 7. HP: 51/53 MP: 7/7
  3568 | Temple   | Entered the Ecumenical Temple
  3891 | D:4      | Reached skill level 1 in Stealth
  4190 | D:5      | Entered Level 5 of the Dungeon
  4231 | D:5      | Found an iron altar of Okawaru.
  4231 | D:5      | Found a bloodstained altar of Trog.
  4241 | D:5      | Became a worshipper of Warmaster Okawaru
  4309 | D:5      | Reached skill level 1 in Polearms
  5049 | D:6      | Reached * piety under Okawaru
  5049 | D:6      | Gained mutation: You have a pair of large horns on your
                  | head. [demonic ancestry]
  5049 | D:6      | Reached XP level 8. HP: 58/61 MP: 8/8
  5073 | D:6      | Noticed Eustachio
  5123 | D:5      | HP: 2/61 [Eustachio/falchion (5)]
  5126 | D:5      | Slain by Eustachio

Vault maps used:
D:1:      lightli_arrival_chessboard, minivault_4, corner_web_ring
D:2:      lemuel_blue_sif_altar
D:3:      gup_sewer_entry_glass, moated_statue, kennysheep_big_empty_room,
          makhleb_blood_cavern_becter
D:4:      minmay_temple_entry_statues_fountains, hellmonk_ghost_happy_afterlife
D:5:      grunt_temple_overflow_bloody_war, first_ration, st_stairs_6
D:6:      grunt_temple_overflow_diamond, amethyst_killhole, uniq_eustachio
Temple:   eino_narrow_crystal_temple

Skill      XL: |  1  2  3  4  5  6  7 |
---------------+----------------------+-----
Axes           | 2 |  2.3
Armour         | 3 4 |  4.8
Shields        | 3 4 |  4.4
Short Blades   | 1 2 3 |  3.5
Dodging        | 1 2 |  2.7
Fighting       | 4 |  4.5
Stealth        | 1 |  1.7
Polearms       | 2 |  2.3

Action                   |  1- 3 |  4- 6 |  7- 9 || total
-------------------------+-------+-------+-------++-------
Melee: War axe           |    31 |       |       ||    31
       Short sword       |   130 |   170 |       ||   300
       Headbutt          |     9 |    25 |    33 ||    67
       Spear             |       |    29 |    58 ||    87
       Dagger            |       |       |   112 ||   112
  Use: Scroll            |       |       |     4 ||     4
 Stab: Sleeping          |       |     1 |     3 ||     4
       Distracted        |       |       |     3 ||     3
  Eat: Chunk             |     2 |     7 |     5 ||    14
Armor: Scale mail        |    71 |    59 |    26 ||   156
Dodge: Dodged            |    35 |    54 |    40 ||   129
Block: Shield            |    70 |    65 |    63 ||   198

Table legend:
 A = Non-vault XP
 B = Vault XP
 C = Vault XP percentage of total XP
 D = Non-vault monster count
 E = Vault monster count
 F = Vault count percentage of total count
                 A         B        C        D         E       F
            +---------+---------+-------+---------+---------+-------
      Total |    1455 |     125 |   7.9 |     122 |       9 |   6.9
            +---------+---------+-------+---------+---------+-------
        D:1 |      27 |       0 |   0.0 |      19 |       0 |   0.0
        D:2 |      66 |       0 |   0.0 |      22 |       0 |   0.0
        D:3 |     234 |      87 |  27.1 |      38 |       6 |  13.6
        D:4 |     498 |       0 |   0.0 |      21 |       0 |   0.0
        D:5 |     405 |      38 |   8.6 |      14 |       3 |  17.6
        D:6 |     225 |       0 |   0.0 |       8 |       0 |   0.0
            +---------+---------+-------+---------+---------+-------
